 Dungeon Crawl Stone Soup version 0.17.1-2-g5865329 (webtiles) character file.

57 PossumBlood the Magician (level 3, -1/19 HPs)
             Began as a Deep Elf Wizard on Jan 21, 2016.
             Slain by Ijyb (4 damage)
             ... on level 2 of the Dungeon.
             The game lasted 00:11:13 (1900 turns).

PossumBlood the Magician (Deep Elf Wizard)          Turns: 1900, Time: 00:11:13

Health: -1/19      AC:  2    Str:  4    XL:     3   Next: 73%
Magic:  0/10       EV: 12    Int: 23    God:
Gold:   41         SH:  0    Dex: 13    Spells: 5 memorised, 0 levels left

rFire  + . .     SeeInvis .     j - +0 dagger
rCold  . . .     Clarity  .     a - +0 robe
rNeg   . . .     SustAt   +     (no shield)
rPois  .         Gourm    .     b - +0 hat
rElec  .         Spirit   .     (no cloak)
rCorr  .         Warding  .     (no gloves)
rMut   .         Stasis   .     (no boots)
MR     .....                    (no amulet)
Stlth  ++........               i - ring of sustain attributes
                                e - ring of protection from fire

@: not resistant to hostile enchantments, unstealthy
A: no striking features
a: no special abilities


You were on level 2 of the Dungeon.
You were not hungry.

You visited 1 branch of the dungeon, and saw 2 of its levels.

You collected 41 gold pieces.

Inventory:

Hand Weapons
 j - a +0 dagger (weapon)
Armour
 a - a +0 robe (worn)
 b - a +0 hat (worn)
Jewellery
 e - a ring of protection from fire (left hand)
 i - a ring of sustain attributes (right hand)
Scrolls
 f - a scroll of recharging {unknown}
 g - a scroll of remove curse {unknown}
 h - 4 scrolls of teleportation {unknown}
 k - a scroll of immolation {unknown}
 l - a scroll of fog {unknown}
 m - a scroll of blinking {unknown}
 n - a scroll of enchant weapon {unknown}
Books
 c - a book of Minor Magic

   Spells                             Type                      Level
   a - Magic Dart                     Conjuration                  1
   b - Blink                          Translocation                2
   c - Call Imp                       Summoning                    2
   d - Repel Missiles                 Charms/Air                   2
   e - Slow                           Hexes                        2
   f - Conjure Flame                  Conjuration/Fire             3
   g - Mephitic Cloud                 Conjuration/Poison/Air       3
Comestibles
 d - a bread ration


   Skills:
 - Level 2.4 Dodging
 - Level 2.4 Stealth
 - Level 4.4 Spellcasting
 * Level 4.1 Conjurations
   Level 1.1 Summonings
 - Level 1.1 Translocations


You couldn't memorise any spells.
You knew the following spells:

 Your Spells              Type           Power        Failure   Level  Hunger
a - Magic Dart            Conj           ###.         1%          1    None
b - Blink                 Tloc           N/A          12%         2    None
c - Repel Missiles        Chrm/Air       #.....       17%         2    None
d - Slow                  Hex            #.......     17%         2    None
e - Mephitic Cloud        Conj/Pois/Air  ##......     21%         3    ##.....


Dungeon Overview and Level Annotations

Branches:
Dungeon (2/15)

Altars:

Annotations:
D:2 Ijyb, Jessica, Terence


Message History

Ijyb is moderately wounded.
Ijyb closely misses you.
You closely miss Ijyb.
Ijyb is moderately wounded.
Ijyb misses you.
You hit Ijyb.
Ijyb is moderately wounded.
Ijyb hits you.
* * * LOW HITPOINT WARNING * * *
You barely miss Ijyb.
Ijyb is moderately wounded.
Ijyb hits you.
* * * LOW HITPOINT WARNING * * *
You barely miss Ijyb.
Ijyb is moderately wounded.
Ijyb misses you.
You hit Ijyb.
Ijyb is moderately wounded.
Ijyb hits you.
You die...

♣ ♣P≈≈)≈≈♣ #.#.....
... ♣ ♣≈≈≈.≈≈♣
#.#....# #.. ♣
♣P≈≈.≈≈♣ #.#.##.#
#####.# ♣♣♣
♣♣≈P≈g≈≈♣ #.#.##.#
#......
≈≈♣♣♣P≈≈≈.≈♣≈#
#.....(###.###.#
≈≈≈≈≈≈P≈≈.≈♣##
#.#####.........
≈≈≈≈≈≈≈≈≈.≈## #.#
#....>..##
............######.#
#.....<.#
P≈≈≈≈≈≈≈≈......g@..#
#.......#
≈≈≈≈≈≈≈≈≈P≈#######.#
#.......#
≈≈P≈≈≈P≈≈≈♣# #.#
#.......#
≈≈≈≈P≈P≈≈♣# #.#
#.......# PP≈≈≈≈≈≈♣#
#.# ##########
♣♣PPPP≈≈# #.# #....
♣≈≈PP≈## #.# #.###
♣♣≈♣# #.# #@###
#.##.


You could see Ijyb.

Vanquished Creatures
  A worm (D:2)
  9 bats
  2 giant cockroaches
  5 goblins
  8 hobgoblins (D:1)
  10 jackals
  3 kobolds (D:1)
  A ball python (D:1)
  8 giant newts
  4 rats
51 creatures vanquished.

Notes
Turn   | Place    | Note
--------------------------------------------------------------
     0 | D:1      | PossumBlood the Deep Elf Wizard began the quest for the Orb.
     0 | D:1      | Reached XP level 1. HP: 10/10 MP: 7/7
   227 | D:1      | Reached XP level 2. HP: 9/15 MP: 1/9
   705 | D:1      | Reached XP level 3. HP: 5/19 MP: 0/10
  1113 | D:1      | Learned a level 2 spell: Blink
  1116 | D:1      | Learned a level 2 spell: Repel Missiles
  1119 | D:1      | Learned a level 2 spell: Slow
  1123 | D:1      | Learned a level 3 spell: Mephitic Cloud
  1489 | D:2      | Noticed Terence
  1526 | D:2      | Noticed Jessica
  1843 | D:2      | Noticed Ijyb
  1900 | D:2      | Slain by Ijyb

Action                   || total
-------------------------++-------
Melee: Dagger            ||    19
 Cast: Magic Dart        ||   114
       Slow              ||     4
       Mephitic Cloud    ||     2
  Eat: Bread ration      ||     1
